 Seeded DCSS version 0.30.1 (webtiles) character file.

Game seed: 6351066067085065685 (custom seed)

1996 Esekla the Reanimator (level 9, -2/45 HPs)
             Began as a Deep Elf Necromancer on July 7, 2023.
             Was a Believer of Vehumet.
             Succumbed to a gnoll sergeant's poison
             ... on level 6 of the Dungeon.
             The game lasted 00:28:09 (5173 turns).

Esekla the Reanimator (Deep Elf Necromancer)        Turns: 5173, Time: 00:28:10

Health: -2/45      AC:  4    Str:  5    XL:     9   Next: 1%
Magic:  22/22      EV: 15    Int: 25    God:    Vehumet [**....]
Gold:   361        SH:  0    Dex: 18    Spells: 13/23 levels left

rFire   . . .        l - +5 rapier of the Hero {heavy, rN+ Dex+3}
rCold   . . .        (no shield)
rNeg    + . .        a - +0 robe
rPois   .            v - +0 helmet
rElec   .            (no cloak)
rCorr   .            j - +0 pair of gloves
SInv    .            (no boots)
Will    .....        y - amulet of magic regeneration
Stlth   +++          (no ring)
HPRegen 0.27/turn    (no ring)
MPRegen 0.58/turn

%: no passive effects
@: lethally poisoned (-2 -> -34)
A: no striking features
a: Renounce Religion


You were on level 6 of the Dungeon.
You worshipped Vehumet.
Vehumet was pleased with you.
You visited 1 branch of the dungeon, and saw 7 of its levels.

You collected 361 gold pieces.

Inventory:

Hand Weapons
 c - a +0 scimitar
 l - the +5 rapier of the Hero (weapon) {heavy, rN+ Dex+3}
   (You found it on level 3 of the Dungeon)

   Dex:       It affects your dexterity (+3).
   rN:        It protects you from negative energy.
 r - a +0 spear
 s - a +2 vampiric dagger
Missiles
 q - 23 poisoned darts (quivered)
 E - a throwing net
Armour
 a - a +0 robe (worn)
 j - a +0 pair of gloves (worn)
 v - a +0 helmet (worn)
Jewellery
 y - an amulet of magic regeneration (around neck)
Wands
 A - a wand of flame (15)
 G - a wand of roots (20)
Scrolls
 e - 3 scrolls of fear {unknown}
 f - a scroll of identify
 k - a scroll of immolation {unknown}
 m - 2 scrolls of blinking {unknown}
 o - 2 scrolls of fog {unknown}
 t - 2 scrolls of amnesia {unknown}
 w - 3 scrolls of enchant weapon {unknown}
 x - a scroll of magic mapping {unknown}
 B - a scroll of summoning {unknown}
 C - a scroll of enchant armour {unknown}
 D - a scroll of silence {unknown}
 F - a scroll of teleportation {unknown}
Potions
 b - a potion of magic
 d - 3 potions of ambrosia
 g - 3 potions of attraction
 h - 2 potions of heal wounds
 i - 6 potions of curing {unknown}
 n - a potion of haste
 p - 3 potions of brilliance
 u - a potion of mutation
 z - a potion of lignification


   Skills:
 + Level 3.6 Short Blades
 + Level 1.0 Throwing
 * Level 5.1 Dodging
 + Level 4.7 Stealth
 * Level 7.8 Spellcasting
 * Level 3.4 Conjurations
 * Level 8.1 Necromancy
 * Level 3.0 Translocations
 * Level 3.5 Air Magic


You had 13 spell levels left.
You knew the following spells:

 Your Spells              Type           Power      Damage    Failure   Level
a - Necrotise             Necr           100%       1d9       1%          1
d - Vampiric Draining     Necr           50%        2d9       1%          3
e - Static Discharge      Conj/Air       54%        2-5/arc   2%          2
h - Shock                 Conj/Air       100%       1d9       1%          1
t - Teleport Other        Tloc           24%        N/A       5%          3

Your spell library contained the following spells:

 Spells                   Type           Power      Damage    Failure   Level
 Lesser Beckoning         Tloc           48%        N/A       2%          2
 Animate Dead             Necr           50%        N/A       2%          4
 Gell's Gravitas          Tloc           24%        N/A       5%          3
 Agony                    Necr           50%        N/A       6%          5
 Spider Form              Tmut/Pois      9%         N/A       19%         3
 Cause Fear               Hex            4%         N/A       52%         4
 Summon Mana Viper        Hex/Summ       9%         N/A       86%         5


Dungeon Overview and Level Annotations

Branches:
Dungeon (7/15)             Temple (0/1) D:6

Altars:
Dithmenos
Fedhas
Hepliaklqana
Okawaru
Qazlal
Trog
Vehumet
Zin
The Shining One

Shops:
D:2 =   D:4 (


Message History

The phantom barely misses you.
You hit the phantom.
The phantom is severely damaged.
The phantom closely misses you.
The phantom hits you but does no damage.
You hit the phantom.
The phantom is almost destroyed.
The phantom barely misses you. The phantom hits you.
You puncture the phantom!
You destroy the phantom!
Vehumet accepts your kill.
Your Necromancy skill increases to level 8!
You have reached level 9!
Your experience leads to an increase in your attributes!
Your base attributes are Str 5, Int 23, Dex 15.
Increase (S)trength, (I)ntelligence, or (D)exterity?
You feel clever. x2
You start resting.
HP restored.
You open the door.
There is an open door here.
There is a stone staircase leading up here.
You climb upwards.
There is a stone staircase leading down here.
There is a stone staircase leading down here.
You climb downwards.
There is a stone staircase leading up here.
The helpless gnoll sergeant fails to defend itself.
You impale the gnoll sergeant!!
The gnoll sergeant is severely wounded.
The gnoll sergeant hits you with a +4 trident of venom!!
You are lethally poisoned!
The gnoll shouts! x4
You feel extremely sick. The gnoll closely misses you. x2
The gnoll sergeant hits you with a +4 trident of venom!
* * * LOW HITPOINT WARNING * * *
You are more poisoned.
You climb upwards.
You die...

ยง..#......#######...########
####<).......#....#........#
###.#####.#.####..#####.#
######.#####.#.####.....##.#
..#.......##...#......#.##.#
#.#.#...#.######.###..#.##.#
#.#............#.###.......#
...............#g#......####
#.#............#@#.##.###
..#..........[.#g#.##.#
###............#......# #
#.##############.####
#.########### #.#
#...........# #.#
#.#...#.###.####.#
#.....#..........#
##################


You could see a gnoll sergeant and a gnoll.

Vanquished Creatures
  Pikel (D:6)
  An ice beast (D:6)
  A sky beast (D:6)
  2 black bears
  An ogre (D:5)
  A phantom (D:7)
  Blork the orc (D:6)
  A kobold brigand (D:6)
  A bullfrog (D:7)
  2 scorpions (D:5)
  A gnoll bouda (D:5)
  5 hounds
  A jelly (D:6)
  A sleepcap (D:5)
  5 iguanas
  12 gnolls
  9 adders
  3 white imps
  An ufetubus (D:6)
  A worm (D:4)
  3 dart slugs
  11 orcs
  6 ball pythons
  4 bats
  4 endoplasms
  8 goblins
  5 hobgoblins
  A quokka (D:1)
  4 frilled lizards
  12 kobolds
  A rat (D:2)
110 creatures vanquished.

Notes
Turn   | Place    | Note
-------+----------+-------------------------------------------
     0 | D:1      | Esekla the Deep Elf Necromancer began the quest for the
                  | Orb.
     0 | D:1      | Reached XP level 1. HP: 10/10 MP: 6/6
   211 | D:1      | Reached skill level 5 in Necromancy
   211 | D:1      | Reached XP level 2. HP: 12/15 MP: 8/8
   357 | D:4      | Found a radiant altar of Vehumet.
   361 | D:4      | Became a worshipper of Vehumet
   547 | D:3      | Identified the +5 rapier of the Hero {heavy, rN+ Dex+3}
   562 | D:2      | Found Renulab's Jewellery Shop.
   869 | D:1      | Reached XP level 3. HP: 19/19 MP: 9/9
   882 | D:1      | Learned a level 3 spell: Vampiric Draining
   902 | D:1      | Reached skill level 1 in Short Blades
  1047 | D:2      | Noticed a black bear
  1234 | D:2      | Reached XP level 4. HP: 24/24 MP: 7/11
  1270 | D:2      | Reached * piety under Vehumet
  1270 | D:2      | Offered knowledge of Shock by Vehumet.
  1274 | D:2      | Learned a level 1 spell: Shock
  1287 | D:2      | Killed a black bear
  1288 | D:2      | Reached XP level 5. HP: 28/28 MP: 12/12
  1326 | D:2      | Reached skill level 1 in Conjurations
  1345 | D:2      | Found a faded altar of an unknown god.
  1643 | D:3      | Found a stormy altar of Qazlal.
  1645 | D:3      | Found a bloodstained altar of Trog.
  1663 | D:3      | Found a hazy altar of Hepliaklqana.
  1671 | D:3      | Reached skill level 1 in Air Magic
  2463 | D:4      | Found an iron altar of Okawaru.
  2477 | D:4      | Found a glowing silver altar of Zin.
  2621 | D:4      | Found Ponaysk's Antique Weapon Boutique.
  2663 | D:4      | Reached XP level 6. HP: 32/32 MP: 14/14
  2686 | D:5      | Entered Level 5 of the Dungeon
  2815 | D:5      | Got the Parchment of the Lumpy Olives
  2854 | D:5      | Found a shadowy altar of Dithmenos.
  2948 | D:5      | Reached skill level 6 in Necromancy
  3171 | D:4      | Reached XP level 7. HP: 36/36 MP: 14/16
  3198 | D:4      | Reached skill level 5 in Spellcasting
  3254 | D:4      | Reached ** piety under Vehumet
  3256 | D:4      | Offered knowledge of Foxfire by Vehumet.
  3266 | D:4      | Learned a level 3 spell: Teleport Other
  3304 | D:4      | Found a glowing golden altar of the Shining One.
  3596 | D:5      | Reached skill level 1 in Translocations
  3960 | D:6      | Noticed Pikel
  4114 | D:6      | Noticed Blork the orc
  4279 | D:6      | Killed Blork the orc
  4280 | D:6      | Reached XP level 8. HP: 27/41 MP: 8/19
  4442 | D:6      | Found a blossoming altar of Fedhas.
  4674 | D:6      | Found a staircase to the Ecumenical Temple.
  4684 | D:6      | Offered knowledge of Static Discharge by Vehumet.
  4688 | D:6      | Learned a level 2 spell: Static Discharge
  4749 | D:6      | Reached skill level 7 in Necromancy
  4812 | D:6      | Killed Pikel
  4813 | D:6      | Reached skill level 1 in Throwing
  4813 | D:6      | Reached skill level 5 in Dodging
  5056 | D:7      | Reached skill level 8 in Necromancy
  5056 | D:7      | Reached XP level 9. HP: 33/45 MP: 22/22
  5173 | D:6      | Succumbed to a gnoll sergeant's poison

Illustrated notes

Levels and vault maps discovered:
D:1:      sevenhm_arrival_forest_fort_small_3, layout_rooms,
          chequers_serial_rivers_room_b, minmay_misc_feat_five
D:2:      layout_loops_ring, dreamdust_ecumenical_altar_angels_and_demons,
          serial_shops, shop
D:3:      layout_basic, grunt_temple_overflow_open, minmay_misc_feat_iff
D:4:      layout_basic, nicolae_overflow_quartered_altars, serial_shops,
          nicolae_diamond_shop
D:5:      layout_loops_ring, lemuel_doored_altar, minmay_misc_feat_rows,
          dreamdust_wishing_well
D:6:      layout_loops_cross, fedhas_altar_fruit_tree,
          minmay_temple_entry_glass, uniq_pikel, uniq_blork_the_orc
D:7:      layout_basic, uniq_menkaure, uniq_joseph, uniq_crazy_yiuf_cottage

Skill      XL: |  1  2  3  4  5  6  7  8 |
---------------+-------------------------+-----
Necromancy     | 5 6 8 |  8.1
Dodging        | 3 4 5 |  5.1
Short Blades   | 1 2 3 |  3.6
Stealth        | 3 4 |  4.7
Conjurations   | 1 2 3 |  3.4
Spellcasting   | 4 6 7 |  7.8
Air Magic      | 1 3 |  3.5
Translocations | 1 3 |  3.0
Throwing       | 1 |  1.0

Action                     |  1- 3 |  4- 6 |  7- 9 || total
---------------------------+-------+-------+-------++-------
  Melee: Short sword       |    36 |       |       ||    36
         Unarmed           |     9 |       |       ||     9
         Rapier            |    32 |    53 |    86 ||   171
         Punch             |       |     2 |     3 ||     5
  Throw: Dart              |       |       |    16 ||    16
   Cast: Vampiric Draining |     1 |    15 |    29 ||    45
         Shock             |       |       |     7 ||     7
         Teleport Other    |       |       |    14 ||    14
    Use: Scroll            |       |       |     7 ||     7
   Stab: Sleeping          |     8 |    11 |     4 ||    23
         Distracted        |       |     1 |       ||     1
 Armour: Robe              |    18 |     6 |    24 ||    48
  Dodge: Dodged            |    57 |    54 |    92 ||   203
